 Dungeon Crawl Stone Soup version 0.20-a0-850-ge5a7832 (webtiles) character file.

465 dvd the Shield-Bearer (level 6, -3/56 HPs)
             Began as a Deep Dwarf Fighter on Mar 10, 2017.
             Slain by an ogre
             ... wielding a +0 giant club
              (19 damage)
             ... on level 4 of the Dungeon.
             The game lasted 00:07:07 (2542 turns).

dvd the Shield-Bearer (Deep Dwarf Fighter)          Turns: 2542, Time: 00:07:08

Health: -3/56      AC:  8    Str: 21    XL:     6   Next: 80%
Magic:  5/5        EV:  9    Int:  8    God:
Gold:   224        SH: 14    Dex: 13    Spells: 5/5 levels left

rFire    . . .     SeeInvis .   a - +0 war axe
rCold    . . .     Gourm    .   w - +2 ring mail {MR+}
rNeg     . . .     Faith    .   c - +0 shield
rPois    +         Spirit   .   (no helmet)
rElec    .         Reflect  +   (no cloak)
rCorr    .         Harm     .   (no gloves)
MR       +....                  (no boots)
Stlth    +.........             j - +4 amulet of reflection
Regen    0.0/turn               (no ring)
MPRegen  0.1/turn               u - ring of poison resistance

@: non-regenerating
A: damage resistance, heal wounds, sense surroundings 1, no regeneration
a: Heal Wounds


You were on level 4 of the Dungeon.
You were not hungry.

You visited 1 branch of the dungeon, and saw 4 of its levels.

You collected 224 gold pieces.

Inventory:

Hand Weapons
 a - a +0 war axe (weapon)
 g - a +1 spear of piercing
Armour
 c - a +0 shield (worn)
 w - a +2 ring mail of magic resistance (worn)
Jewellery
 j - a +4 amulet of reflection (around neck)
 o - an uncursed amulet of the gourmand
 u - a ring of poison resistance (left hand)
Scrolls
 d - 2 scrolls of blinking {unknown}
 i - a scroll of magic mapping {unknown}
 n - 2 scrolls of identify {unknown}
 p - a scroll of amnesia {unknown}
 s - a scroll of recharging {unknown}
 t - 3 scrolls of remove curse {unknown}
 v - 2 scrolls of teleportation {unknown}
Potions
 e - a potion of agility {unknown}
 l - a potion of heal wounds {unknown}
 m - a potion of flight {unknown}
Comestibles
 f - 2 bread rations
 k - a meat ration


   Skills:
 + Level 3.3 Fighting
 + Level 5.1 Axes
 + Level 4.5 Armour
 + Level 1.4 Dodging
 + Level 1.0 Stealth
 + Level 5.4 Shields


You had 5 spell levels left.
You didn't know any spells.

Dungeon Overview and Level Annotations

Branches:
Dungeon (4/15)
 Temple: D:4-7

Altars:
Gozag


Innate Abilities, Weirdness & Mutations

You are resistant to damage.
You can heal yourself by infusing magical energy.
You passively map a small area around you.
You do not regenerate.


Message History

You kill the scorpion!
Your Axes skill increases to level 5!
An ogre comes into view. It is wielding a giant club.
The ogre shouts!
The ogre moves out of view.
The ogre is too close now for your liking.
Found a meat ration.
Your shield prevents you from hitting the ogre.
You block the ogre's attack.
You hit the ogre.
The ogre is lightly wounded.
The ogre barely misses you.
You slice the ogre!!
The ogre is severely wounded.
The ogre hits you with a giant club!
* * * LOW HITPOINT WARNING * * *
You hit the ogre.
The ogre is severely wounded.
The ogre hits you with a giant club!!
You die...

, , ####.. * , , ,.... *
** *.... , , #
##########... #.
#............ *
,###.#######.###########
#...........#
.#.....####..# ##
.......@.....# ########.
* .#....O####.##
#..<..... #....% #.#
#.#####.# , #.#.## #.#
#.# #.# * #,#. #.# #.#
#[# * # * #.# #.# #.# ,
, .######.####.# #.# ,
.............# #.# *
#######.###### #.#


You could see an ogre.

Vanquished Creatures
  Menkaure (D:4)
  The ghost of Syneil the Insei, an amateur OpTm (D:3)
  A scorpion (D:4)
  A bullfrog skeleton (D:4)
  Jessica (D:3)
  Terence (D:3)
  4 gnolls
  3 adders (D:2)
  4 worms
  5 dart slugs
  2 leopard geckos
  An orc (D:4)
  8 bats
  3 giant cockroaches (D:2)
  6 goblins
  11 hobgoblins
  4 jackals (D:3)
  A quokka (D:2)
  A ball python (D:1)
  2 frilled lizards (D:1)
  4 kobolds
  6 rats
71 creatures vanquished.

Notes
Turn   | Place    | Note
-------+----------+-------------------------------------------
     0 | D:1      | dvd the Deep Dwarf Fighter began the quest for the Orb.
     0 | D:1      | Reached XP level 1. HP: 20/20 MP: 1/1
   154 | D:1      | Reached XP level 2. HP: 27/27 MP: 2/2
   618 | D:2      | Reached XP level 3. HP: 24/33 MP: 3/3
  1153 | D:2      | Reached XP level 4. HP: 17/42 MP: 4/4
  1453 | D:2      | Found an opulent altar of Gozag.
  1739 | D:3      | Noticed Jessica
  1746 | D:3      | Killed Jessica
  1902 | D:3      | Noticed Syneil's ghost (amateur OpTm)
  1914 | D:3      | Reached XP level 5. HP: 29/49 MP: 4/4
  1926 | D:3      | Killed Syneil's ghost
  1926 | D:3      | Reached skill level 1 in Dodging
  2117 | D:3      | Noticed Terence
  2130 | D:3      | Killed Terence
  2130 | D:3      | Reached skill level 1 in Stealth
  2130 | D:3      | Reached skill level 5 in Shields
  2361 | D:3      | Reached XP level 6. HP: 19/56 MP: 5/5
  2424 | D:4      | Noticed Menkaure
  2436 | D:4      | Killed Menkaure
  2520 | D:4      | Reached skill level 5 in Axes
  2542 | D:4      | Slain by an ogre

Vault maps used:
D:1:      lemuel_arrival_broad_hall
D:2:      nicolae_gozag_seed_capital, interstate_on_off
D:3:      hex_large, uniq_terence, uniq_jessica
D:4:      serial_shops, shop, uniq_menkaure

Skill      XL: |  1  2  3  4  5  6 |
---------------+-------------------+-----
Fighting       | 3 |  3.3
Axes           | 3 4 5 |  5.1
Shields        | 4 5 |  5.4
Armour         | 4 |  4.5
Dodging        | 1 |  1.4
Stealth        | 1 |  1.0

Action                   |  1- 3 |  4- 6 || total
-------------------------+-------+-------++-------
Melee: War axe           |   130 |   118 ||   248
 Abil: Heal Wounds       |       |     2 ||     2
  Use: Potion            |       |     3 ||     3
  Eat: Chunk             |     1 |     8 ||     9
Armor: Scale mail        |    38 |    28 ||    66
       Ring mail         |       |     7 ||     7
Dodge: Dodged            |    31 |    44 ||    75
Block: Shield            |    95 |   100 ||   195
       Reflection        |       |     2 ||     2
